 Dungeon Crawl Stone Soup version 0.26.1-2-gb8aa6d0cf2 (webtiles) character file.

Game seed: 1004886378870379885

405 DearestLeader the Vexing (level 6, -11/28 HPs)
             Began as a Spriggan Enchanter on Mar 16, 2021.
             Was an Initiate of Dithmenos.
             Killed by divine providence
             ... invoked by an orc priest
              (14 damage)
             ... on level 4 of the Dungeon.
             The game lasted 00:11:09 (4177 turns).

DearestLeader the Vexing (Spriggan Enchanter)       Turns: 4177, Time: 00:11:10

Health: -11/28     AC:  2    Str:  4    XL:     6   Next: 56%
Magic:  5/11       EV: 18    Int: 19    God:    Dithmenos [......]
Gold:   156        SH:  0    Dex: 16    Spells: 4/10 levels left

rFire    + . .     SeeInvis +   a - +1 dagger
rCold    . . .     Faith    .   (shield restricted)
rNeg     . . .     Spirit   .   b - +0 robe
rPois    .         Reflect  .   (helmet restricted)
rElec    .         Harm     .   (no cloak)
rCorr    .         Rampage  .   (gloves unavailable)
Will     +....                  (boots unavailable)
Stlth    ++++......             l - amulet of inaccuracy (curse)
HPRegen  0.09/turn              f - ring of protection from fire
MPRegen  0.12/turn              (no ring)

@: very slightly contaminated, very quick
A: very small, unfitting armour, see invisible, speed 3
a: Renounce Religion


You were on level 4 of the Dungeon.
You worshipped Dithmenos.
Dithmenos was noncommittal.
You visited 2 branches of the dungeon, and saw 5 of its levels.

You collected 156 gold pieces.

Inventory:

Hand Weapons
 a - a +1 dagger (weapon)
Missiles
 n - 26 poisoned darts (quivered)
Armour
 b - a +0 robe (worn)
Jewellery
 f - a ring of protection from fire (left hand)
 l - a cursed amulet of inaccuracy (around neck)
Scrolls
 d - 3 scrolls of fog {unknown}
 h - 2 scrolls of teleportation {unknown}
 j - a scroll of noise
 k - 3 scrolls of amnesia {unknown}
 o - 4 scrolls of remove curse {unknown}
 q - a scroll of enchant weapon {unknown}
 s - a scroll of enchant armour {unknown}
 t - a scroll of identify {unknown}
Potions
 c - a potion of mutation {unknown}
 e - a potion of haste {unknown}
 g - 4 potions of lignification
 i - a potion of flight {unknown}
 m - a potion of cancellation {unknown}
 p - a potion of might {unknown}
 r - a potion of resistance {unknown}
 u - a potion of brilliance {unknown}


   Skills:
 + Level 2.1 Short Blades
 - Level 3.0 Dodging
 + Level 7.3 Stealth
 - Level 2.6 Spellcasting
 * Level 7.4 Hexes


You had 4 spell levels left.
You knew the following spells:

 Your Spells              Type           Power        Failure   Level
a - Corona                Hex            33%          1%          1
b - Ensorcelled Hibernat  Hex/Ice        32%          5%          2
c - Tukima's Dance        Hex            30%          2%          3

Your spell library contained the following spells:

 Spells                   Type           Power        Failure   Level
 Confusing Touch          Hex            30%          2%          3
 Dazzling Flash           Conj/Hex       32%          11%         3
 Animate Skeleton         Necr           4%           16%         1
 Apportation              Tloc           4%           16%         1
 Summon Small Mammal      Summ           8%           16%         1


Dungeon Overview and Level Annotations

Branches:
Dungeon (4/15)             Temple (1/1) D:4

Altars:
Dithmenos
Gozag
Hepliaklqana
Kikubaaqudgha
Trog
Wu Jian
Yredelemnul
Zin


Innate Abilities, Weirdness & Mutations

You are very small and have problems with some larger weapons.
You are too small for most types of armour.
You have supernaturally acute eyesight. (SInv)
You cover ground extremely quickly.


Message History

The orc barely misses you.
The orc shouts!
The orc hits you with a +0 club. The orc barely misses you.
An orc priest comes into view. It is wielding a +0 whip.
Things that are here:
a +0 hand axe; a +0 leather armour An orc comes into view.
It is wielding a +0 mace.
The orc stops glowing.
The frilled lizard hisses.
The orc shouts!
The orc priest shouts!
The orc priest invokes the aid of Beogh against you.
Beogh smites you!
Ouch! That really hurt!
The orc wizard points at you and mumbles some strange words.
The magic dart hits you.
* * * LOW HITPOINT WARNING * * *
The orc priest invokes the aid of Beogh against you.
Beogh smites you!
Ouch! That really hurt!
You die...

######## ###
#......# #..
#......# #.⌠
#.....(# #..
#......##########.
#..............#..
#....>.#######...⌠
#......# ###..
#@...†.# ###
#......# ##......#
##......##
##o.o....#
..##........#
......o..oB.#
............#######
..#...####l##.....#


You could see an orc priest, an orc wizard, an orc and a giant cockroach.

Vanquished Creatures
  Sigmund (D:3)
  3 orc priests (D:3)
  10 adders
  2 worms (D:3)
  3 leopard geckos
  12 orcs
  5 bats
  2 giant cockroaches
  3 goblins
  4 hobgoblins
  3 kobolds
  A quokka (D:2)
  2 ball pythons
  4 frilled lizards
  7 rats
62 creatures vanquished.

Vanquished Creatures (others)
  A plant (D:2)
1 creature vanquished.

Grand Total: 63 creatures vanquished

Notes
Turn   | Place    | Note
-------+----------+-------------------------------------------
     0 | D:1      | DearestLeader the Spriggan Enchanter began the quest for
                  | the Orb.
     0 | D:1      | Reached XP level 1. HP: 9/9 MP: 5/5
   334 | D:1      | Reached XP level 2. HP: 5/13 MP: 4/6
   337 | D:1      | Learned a level 2 spell: Ensorcelled Hibernation
   879 | D:2      | Reached skill level 5 in Stealth
  1170 | D:2      | Reached XP level 3. HP: 16/16 MP: 8/8
  1485 | D:2      | Reached skill level 5 in Hexes
  1914 | D:2      | Reached XP level 4. HP: 20/21 MP: 2/9
  2267 | D:3      | Learned a level 3 spell: Tukima's Dance
  2376 | D:3      | Noticed Sigmund
  3206 | D:3      | Reached XP level 5. HP: 23/24 MP: 2/10
  3791 | D:3      | Killed Sigmund
  3792 | D:3      | Reached XP level 6. HP: 17/28 MP: 0/11
  3922 | D:3      | Noticed an angel
  3923 | D:3      | Found a glowing silver altar of Zin.
  4079 | D:4      | Found a staircase to the Ecumenical Temple.
  4086 | Temple   | Entered the Ecumenical Temple
  4096 | Temple   | Became a worshipper of Dithmenos the Shadowed
  4177 | D:4      | Killed from afar by an orc priest

Illustrated notes

Levels and vault maps discovered:
D:1:      minmay_arrival_nine_rooms, layout_rooms, bh_walls_and_bars
D:2:      layout_basic, serial_forest, infiniplex_forest_lined_2,
          infiniplex_forest_corner_1, infiniplex_forest_clump_C,
          infiniplex_forest_clump_long, infiniplex_forest_clump_double,
          infiniplex_forest_fountain, infiniplex_forest_lined_3_way,
          grunt_decor_mini_mirrors
D:3:      layout_rooms, zin_angel, minmay_tree_intersection, uniq_sigmund
D:4:      layout_rooms, minmay_temple_entry_nine_rooms, doesnt_xom_only_xom
Temple:   regret_index_temple_chain_breaker

Skill      XL: |  1  2  3  4  5 |
---------------+----------------+-----
Hexes          | 4 5 6 7 |  7.4
Stealth        | 5 6 7 |  7.3
Short Blades   | 2 |  2.1
Dodging        | |  3.0
Spellcasting   | |  2.6

Action                   |  1- 3 |  4- 6 || total
-------------------------+-------+-------++-------
Melee: Dagger            |    58 |    53 ||   111
 Cast: Corona            |     9 |     4 ||    13
       Ensorcelled Hiber |    19 |    52 ||    71
  Use: Scroll            |     1 |       ||     1
       Potion            |     2 |     1 ||     3
 Stab: Sleeping          |    24 |    30 ||    54
       Distracted        |     1 |       ||     1
Armor: Robe              |     8 |     4 ||    12
Dodge: Dodged            |    47 |    49 ||    96
